 Dungeon Crawl Stone Soup version 0.22-a0-40-g3d2f077 (webtiles) character file.

93 Gorglomux the Shield-Bearer (level 4, -2/42 HPs)
             Began as a Deep Dwarf Fighter on Jan 4, 2018.
             Succumbed to Sigmund's poison
             ... on level 2 of the Dungeon.
             The game lasted 00:00:48 (811 turns).

Gorglomux the Shield-Bearer (Deep Dwarf Fighter)     Turns: 811, Time: 00:00:48

Health: -2/42      AC:  7    Str: 20    XL:     4   Next: 36%
Magic:  2/2        EV:  8    Int:  9    God:
Gold:   87         SH:  9    Dex: 12    Spells: 3/3 levels left

rFire    . . .     SeeInvis .   a - +0 war axe
rCold    . . .     Gourm    .   c - +0 shield
rNeg     . . .     Faith    .   b - +0 scale mail
rPois    .         Spirit   .   (no helmet)
rElec    .         Reflect  .   (no cloak)
rCorr    .         Harm     .   (no gloves)
MR       .....                  (no boots)
Stlth    ..........             (no amulet)
HPRegen  0.00/turn              (no ring)
MPRegen  0.08/turn              (no ring)

@: lethally poisoned (-2 -> -32), non-regenerating
A: damage resistance, heal wounds, sense surroundings 1, no regeneration
a: Heal Wounds


You were on level 2 of the Dungeon.
You were not hungry.

You visited 1 branch of the dungeon, and saw 2 of its levels.

You collected 87 gold pieces.

Inventory:

Hand Weapons
 a - a +0 war axe (weapon)
Armour
 b - a +0 scale mail (worn)
 c - a +0 shield (worn)
Scrolls
 h - a scroll of enchant armour {unknown}
 i - 2 scrolls of amnesia {unknown}
 m - a scroll of identify {unknown}
 o - a scroll of blinking {unknown}
 q - a scroll of magic mapping {unknown}
 r - a scroll of teleportation {unknown}
Potions
 d - a potion of might
 k - a potion of agility {unknown}
 n - a potion of invisibility {unknown}
 p - a potion of heal wounds {unknown}
Comestibles
 f - 2 rations
 l - 3 chunks of flesh


   Skills:
 + Level 3.2 Fighting
 + Level 3.0 Axes
 + Level 3.8 Armour
 + Level 1.7 Dodging
 + Level 3.9 Shields


You had 3 spell levels left.
You didn't know any spells.

Dungeon Overview and Level Annotations

Branches:
Dungeon (2/15)

Altars:

Annotations:
D:2 Sigmund


Innate Abilities, Weirdness & Mutations

You are resistant to damage.
You can heal yourself by infusing magical energy.
You passively map a small area around you.
You do not regenerate.


Message History

A puff of flame appears from out of thin air!!!
The butt of flame hits you!!! * * * don't die
* * * You closely miss something!
Something hits you!!! * * * don't die
* * * You are poisoned!
You open something like a pillowcase!!! Something hits you but does no damage!
You are lethally poisoned!!!
Unknown command!
Your magical essence is drained by the effort!!!
You feel much better!
You feel sick! Something hits you!!! * * * don't die
* * * You are lethally poisoned!!!
You carve something like a ham! * * * don't die
* * * You feel very sick!
Something hits you!
You butt more poisoned!
You miss something! rip

#.....# #.## ...#[.# ###.#
[.....# #...# #####.#
#.### # #.#### #.# #
#....### ###.#############
#
#.##...###((.(...........#
#
#(####.)...#.#######.....#
# #.# #######@# #.....# #
*#.# * #{#######.....# #,
,... (...................#
#, #..
#####...#######<....# #,
### .....# #.....# #
,......# #.....# , *
.......(# #.....#
,........# #.....# ,
........# #######


There were no monsters in sight!

Vanquished Creatures
  Jessica (D:2)
  2 adders (D:2)
  2 worms (D:2)
  2 leopard geckos
  3 ball pythons
  A giant cockroach (D:2)
  4 goblins
  5 hobgoblins
  4 jackals (D:1)
  4 bats
  2 frilled lizards (D:1)
  6 kobolds
  4 rats
40 creatures vanquished.

Notes
Turn   | Place    | Note
-------+----------+-------------------------------------------
     0 | D:1      | Gorglomux the Deep Dwarf Fighter began the quest for the Orb.
     0 | D:1      | Reached XP level 1. HP: 20/20 MP: 1/1
    53 | D:1      | Reached XP level 2. HP: 25/27 MP: 2/2
   433 | D:1      | Reached skill level 1 in Dodging
   553 | D:2      | Noticed Jessica
   558 | D:2      | Reached XP level 3. HP: 26/33 MP: 3/3
   559 | D:2      | Reached skill level 3 in Fighting
   563 | D:2      | Killed Jessica
   598 | D:2      | Reached XP level 4. HP: 27/42 MP: 3/3
   664 | D:2      | Reached skill level 3 in Axes
   789 | D:2      | Noticed Sigmund
   807 | D:2      | HP: 1/42 [something (10)]
   811 | D:2      | Succumbed to Sigmund's poison

Vault maps used:
D:1:      tarquinn_simple_flora_water_a
D:2:      lemuel_upstairs_altar, uniq_jessica, uniq_sigmund

Skill      XL: |  1  2  3  4 |
---------------+-------------+-----
Dodging        | 1 |  1.7
Fighting       | 3 |  3.2
Axes           | 3 |  3.0
Armour         | |  3.8
Shields        | |  3.9

Action                   |  1- 3 |  4- 6 || total
-------------------------+-------+-------++-------
Melee: War axe           |   107 |    34 ||   141
 Abil: Heal Wounds       |     1 |     3 ||     4
  Use: Potion            |       |     1 ||     1
Armor: Scale mail        |    58 |     9 ||    67
Dodge: Dodged            |    56 |     6 ||    62
Block: Shield            |    84 |    15 ||    99

Table legend:
 A = Spawn XP
 B = Non-spawn XP
 C = Spawn XP percentage of total XP
 D = Spawn monster count
 E = Non-spawn monster count
 F = Spawn count percentage of total count
 G = Total turns spent on level
                    A         B        C        D         E        F      G
               +---------+---------+-------+---------+---------+-------+---------
         Total |       0 |     133 |   0.0 |       0 |      40 |   0.0 |   811
               +---------+---------+-------+---------+---------+-------+---------
           D:1 |       0 |      37 |   0.0 |       0 |      23 |   0.0 |   517
           D:2 |       0 |      96 |   0.0 |       0 |      17 |   0.0 |   294
               +---------+---------+-------+---------+---------+-------+---------
